 Dungeon Crawl Stone Soup version 0.21.0-24-g2553a3340b (webtiles) character file.

883 Krosko the Vexing (level 7, -2/32 HPs)
             Began as a Spriggan Enchanter on Jan 20, 2018.
             Was a Follower of Sif Muna.
             Killed from afar by an orc wizard (6 damage)
             ... with a magic dart
             ... on level 6 of the Dungeon on Jan 21, 2018.
             The game lasted 00:46:54 (9287 turns).

Krosko the Vexing (Spriggan Enchanter)              Turns: 9287, Time: 00:46:55

Health: -2/32      AC:  3    Str:  4      XL:     7   Next: 76%
Magic:  16/18      EV: 18    Int: 18      God:    Sif Muna [*.....]
Gold:   232        SH:  0    Dex: 16 (17) Spells: 7/19 levels left

rFire    . . .     SeeInvis +   a - +3 dagger
rCold    . . .     Gourm    .   (shield restricted)
rNeg     . . .     Faith    .   b - +1 robe
rPois    .         Spirit   .   (helmet restricted)
rElec    .         Reflect  .   (no cloak)
rCorr    .         Harm     .   (gloves unavailable)
MR       +....                  (boots unavailable)
Stlth    +++.......             (no amulet)
HPRegen  0.10/turn              (no ring)
MPRegen  0.16/turn              (no ring)

@: very quick
A: very small, unfitting armour, see invisible, herbivore, speed 3, slow
metabolism 2
a: Divine Energy, Renounce Religion


You were on level 6 of the Dungeon.
You worshipped Sif Muna.
Sif Muna was aware of your devotion.
You were not hungry.

You visited 1 branch of the dungeon, and saw 6 of its levels.

You collected 232 gold pieces.

Inventory:

Hand Weapons
 a - a +3 dagger (weapon)
Armour
 b - a +1 robe (worn)
 m - a +0 robe
Wands
 n - a wand of random effects (65)
Scrolls
 f - a scroll of remove curse
 g - 5 scrolls of teleportation
 i - 4 scrolls of enchant weapon
 l - a scroll of amnesia
 p - 2 scrolls of enchant armour
 q - a scroll of blinking {unknown}
 r - 2 scrolls of identify
 t - a scroll of fear {unknown}
 u - a scroll of noise {unknown}
 v - a scroll of fog {unknown}
 w - a scroll of immolation {unknown}
 x - a scroll of random uselessness {unknown}
Potions
 e - 2 potions of curing
 h - a potion of flight {unknown}
 j - 2 potions of haste {unknown}
 k - 2 potions of mutation {unknown}
 o - a potion of agility {unknown}
 s - a potion of brilliance {unknown}
 z - a potion of berserk rage {unknown}
Books
 c - a book of Maledictions

   Spells                             Type                      Level
   a - Corona                         Hexes                        1
   b - Ensorcelled Hibernation        Hexes/Ice                    2
   c - Confuse                        Hexes                        3
   d - Tukima's Dance                 Hexes                        3
   e - Dazzling Spray                 Conjuration/Hexes            3
Comestibles
 d - 6 rations


   Skills:
 - Level 5.3 Short Blades
 - Level 3.2 Dodging
 - Level 4.4 Stealth
 + Level 6.7 Spellcasting
 + Level 7.1 Hexes


You had 7 spell levels left.
You knew the following spells:

 Your Spells              Type           Power        Failure   Level  Hunger
a - Corona                Hex            ####...      1%          1    None
b - Ensorcelled Hibernat  Hex/Ice        ###...       3%          2    None
c - Confuse               Hex            ####....     1%          3    ##.....
d - Dazzling Spray        Conj/Hex       ###...       8%          3    ##.....
e - Tukima's Dance        Hex            ####....     1%          3    ##.....


Dungeon Overview and Level Annotations

Branches:
Dungeon (6/15)             Temple (0/1) D:4

Altars:
Ashenzari
Dithmenos
Fedhas
Qazlal
Ru
Sif Muna
Trog
Uskayaw
Vehumet
Yredelemnul

Annotations:
D:3 SnubMonkey's ghost, amateur DrCj
D:4 exclusion: oklob plant


Innate Abilities, Weirdness & Mutations

You are very small and have problems with some larger weapons.
You are too small for most types of armour.
You have supernaturally acute eyesight. (SInv)
You are a herbivore.
You cover ground extremely quickly.
You need consume almost no food.


Message History

You hit the orc wizard.
The orc wizard is heavily wounded.
You closely miss the orc wizard.
The orc wizard is heavily wounded.
The orc wizard misses you.
You hit the orc wizard.
The orc wizard is severely wounded.
The orc wizard casts a spell at you. The puff of flame hits you!
You are too injured to fight recklessly!
You are too injured to fight recklessly!
You are too injured to fight recklessly!
The orc wizard points at you and mumbles some strange words.
The puff of flame hits you!
* * * LOW HITPOINT WARNING * * *
The orc wizard gestures at you while chanting.
The puff of frost misses you.
The orc wizard points at you and mumbles some strange words.
The magic dart hits you!
You die...

.....#.#..#.........#..# #.#
##...#.#..#.#####o..##.###.#
#...#.#..#.#####...##..##.###
##...#.#..#.....<...#........#
#....'.#.).........(#........#
#o...###..........#.#........####
#oo..###............#........##..
#....##...........###........##..
#....##.........@## #####..####..
#....##...........# #.># #=.
#.#####.#########.# ##.# #..
#.....).).......#.# #.# #.?
#######.#######.#.# #.# #.. #.#
#..#.#.# #.###### #.# #....#.#
#......# ### ##.....# ######.#
####### #..


You could see an orc wizard.

Vanquished Creatures
  A necrophage (D:6)
  2 ogres
  A centaur (D:5)
  A wyvern zombie (D:6)
  A hound (D:5)
  A quasit (D:6)
  3 bullfrog skeletons
  An orc priest (D:6)
  Jessica (D:2)
  Terence (D:2)
  4 worker ants
  2 howler monkey skeletons
  4 adders
  2 oozes (D:1)
  An adder skeleton (D:6)
  2 worms
  6 dart slugs
  A leopard gecko (D:3)
  13 orcs
  6 bats
  3 giant cockroaches
  7 goblins
  9 hobgoblins
  2 jackals (D:1)
  5 kobolds
  4 quokkas (D:5)
  A ball python (D:6)
  5 frilled lizards
  8 rats
98 creatures vanquished.

Notes
Turn   | Place    | Note
-------+----------+-------------------------------------------
     0 | D:1      | Krosko the Spriggan Enchanter began the quest for the Orb.
     0 | D:1      | Reached XP level 1. HP: 9/9 MP: 5/5
   490 | D:1      | Reached XP level 2. HP: 9/13 MP: 7/7
   519 | D:1      | Reached skill level 4 in Hexes
  1396 | D:1      | Learned a level 2 spell: Ensorcelled Hibernation
  1471 | D:1      | Reached XP level 3. HP: 7/16 MP: 8/8
  2829 | D:2      | Reached XP level 4. HP: 21/21 MP: 4/10
  2888 | D:2      | Noticed Jessica
  2908 | D:2      | Killed Jessica
  3033 | D:2      | Noticed Terence
  3039 | D:2      | Learned a level 3 spell: Confuse
  3055 | D:2      | Killed Terence
  3510 | D:3      | Noticed SnubMonkey's ghost (amateur DrCj)
  3528 | D:3      | Reached XP level 5. HP: 6/24 MP: 8/12
  3530 | D:3      | HP: 1/24 [dart slug/slug dart (5)]
  3808 | D:3      | Reached skill level 5 in Hexes
  4894 | D:4      | Found a shattered altar of Ashenzari.
  5163 | D:4      | Found a deep blue altar of Sif Muna.
  5164 | D:4      | Found a basalt altar of Yredelemnul.
  5164 | D:4      | Found a bloodstained altar of Trog.
  5166 | D:4      | Found a hide-covered altar of Uskayaw.
  5166 | D:4      | Found a shadowy altar of Dithmenos.
  5191 | D:4      | Became a worshipper of Sif Muna the Loreminder
  5218 | D:4      | Noticed an ogre
  5230 | D:4      | Killed an ogre
  5230 | D:4      | Reached XP level 6. HP: 28/28 MP: 10/14
  5443 | D:4      | Reached skill level 5 in Spellcasting
  5489 | D:4      | Found a staircase to the Ecumenical Temple.
  6039 | D:4      | Found a sacrificial altar of Ru.
  7006 | D:4      | Found a blossoming altar of Fedhas.
  7035 | D:4      | Noticed an oklob plant
  7110 | D:5      | Entered Level 5 of the Dungeon
  7118 | D:4      | Learned a level 3 spell: Dazzling Spray
  7122 | D:4      | Learned a level 3 spell: Tukima's Dance
  7128 | D:5      | Reached skill level 6 in Hexes
  7371 | D:5      | Reached XP level 7. HP: 29/32 MP: 12/16
  7428 | D:5      | Found a radiant altar of Vehumet.
  7973 | D:5      | Found a stormy altar of Qazlal.
  7975 | D:5      | Noticed an air elemental
  7976 | D:5      | Noticed a water elemental
  7976 | D:5      | Noticed a fire elemental
  8119 | D:6      | Reached skill level 5 in Short Blades
  8199 | D:6      | Reached * piety under Sif Muna
  8553 | D:6      | Reached skill level 7 in Hexes
  9287 | D:6      | Killed from afar by an orc wizard

Skill      XL: |  1  2  3  4  5  6  7 |
---------------+----------------------+-----
Spellcasting   | 3 4 5 6 |  6.7
Hexes          | 4 5 6 7 |  7.1
Short Blades   | 2 3 4 5 |  5.3
Dodging        | |  3.2
Stealth        | |  4.4

Action                   |  1- 3 |  4- 6 |  7- 9 || total
-------------------------+-------+-------+-------++-------
Melee: Dagger            |   229 |   265 |   177 ||   671
 Cast: Corona            |     3 |     1 |       ||     4
       Ensorcelled Hiber |    11 |    25 |    14 ||    50
       Confuse           |       |     4 |     4 ||     8
  Use: Scroll            |       |     6 |     2 ||     8
       Potion            |       |     1 |       ||     1
 Stab: Sleeping          |     9 |    16 |     8 ||    33
       Confused          |       |     4 |     1 ||     5
  Eat: Ration            |       |     3 |     1 ||     4
Armor: Robe              |    21 |    18 |    18 ||    57
Dodge: Dodged            |   195 |   160 |   134 ||   489
